 Dungeon Crawl Stone Soup version bcrawl-1.40.2 (webtiles) character file.

Game seed: 368949426430625456

519672 yrara the Bludgeoner (level 15, -7/120 HPs)
             Began as a Demonspawn Fighter on Nov 14, 2023.
             Was an Initiate of Gozag.
             Mangled by an iron troll simulacrum (28 damage)
             ... in an ice cave.
             The game lasted 00:25:00 (22460 turns).

yrara the Bludgeoner (Demonspawn Fighter)          Turns: 22460, Time: 00:25:00

Health: -7/120     AC: 37    Str: 20    XL:     15   Next: 57%
Magic:  15/15      EV: 12    Int: 16    God:    Gozag
Gold:   1265       SH:  0    Dex: 18    Spells: 14/14 levels left

rFire    + + .     GDR:     37% a - +1 dire flail (drain)
rCold    . . .     SeeInvis .   (shield currently unavailable)
rNeg     + + .     Gourm    .   Z - +8 plate armour "Jalen" {Int+6}
rPois    +         Faith    .   v - +2 hat "Wasuat" {+Fly rF+ rN++ MR-}
rElec    +         Spirit   .   r - +2 cloak {rPois}
rCorr    .         Reflect  .   D - +1 pair of gloves {archery}
MR       +....                  (boots unavailable)
Stlth    ..........             I - amulet of regeneration
HPRegen  1.15/turn              q - +3 ring of evasion
MPRegen  0.14/turn              C - ring "Bieclixt" {+Fly rElec Dex+5 Slay+3}

@: gold aura
A: beak, talons 3, iridescent scales 3, clumsy 1, fire resistance 1, magic
resistance 1, regeneration 1, spiny 2, evolution 1, flame cloud immunity
a: Potion Petition, Call Merchant, Bribe Branch, Renounce Religion, Evoke Flight


You were in an ice cave.
You worshipped Gozag.
Gozag was most pleased with you.
You were not hungry.

You visited 5 branches of the dungeon, and saw 22 of its levels.
You also visited: Ossuary, Bailey and Ice Cave.

You collected 7591 gold pieces.
You spent 2539 gold pieces at shops.
You paid 3787 gold pieces to Gozag.

Inventory:

Hand Weapons
 a - a +1 dire flail of draining (weapon)
 b - a +8 longbow of flaming
 y - a +4 mace of protection
Missiles
 u - 3275 arrows
 Y - a throwing net {=f}
Armour
 c - a +0 medium shield
 m - the +10 plate armour of the Wasteland {rElec rN++ Str-4 Stlth+}
   (You found it on level 5 of the Dungeon)

   It affects your strength (-4).
   It insulates you from electricity.
   It greatly protects you from negative energy.
   It makes you more stealthy.
 r - a +2 cloak of poison resistance (worn)
 v - the +2 hat "Wasuat" (worn) {+Fly rF+ rN++ MR-}
   (You acquired it on level 4 of the Lair of Beasts)

   It protects you from fire.
   It greatly protects you from negative energy.
   It affects your resistance to hostile enchantments.
   It lets you fly.
 B - a scarf of clouds
 D - a +1 pair of gloves of archery (worn)
 Z - the +8 plate armour "Jalen" (worn) {Int+6}
   (You bought it in a shop on level 11 of the Dungeon)

   It affects your intelligence (+6).
Jewellery
 q - a +3 ring of evasion (left hand)
 C - the ring "Bieclixt" (right hand) {+Fly rElec Dex+5 Slay+3}
   (You bought it in a shop on level 8 of the Dungeon)

   [ring of dexterity]

   It affects your dexterity (+5).
   It affects your accuracy and damage with ranged weapons and melee attacks
   (+3).
   It insulates you from electricity.
   It lets you fly.
 I - an amulet of regeneration (around neck)
 M - an uncursed ring of resist corrosion
 P - a +3 ring of evasion
 R - an uncursed ring of flight
Wands
 g - a wand of clouds (6)
 h - a wand of random effects (11)
 F - a wand of iceblast (21)
 J - a wand of acid (4)
 K - a wand of digging (32)
 T - a wand of charming (6)
Scrolls
 i - 10 scrolls of identify
 k - 4 scrolls of fog
 p - 9 scrolls of remove curse
 s - 4 scrolls of teleportation
 t - 2 scrolls of amnesia
 x - 2 scrolls of enchant armour
 E - a scroll of summoning
 H - a scroll of fear
 L - a scroll of enchant weapon
 N - 4 scrolls of blinking
 O - a scroll of revelation
 Q - 2 scrolls of brand weapon
Potions
 d - a potion of might
 f - 9 potions of agility
 j - 5 potions of brilliance
 l - 9 potions of curing
 n - 4 potions of haste
 o - 3 potions of heal wounds
 w - 6 potions of magic
 z - 2 potions of flight
 A - a potion of invisibility
 G - 2 potions of berserk rage
 S - a potion of ambrosia
 V - 2 potions of cancellation
 W - a potion of resistance
Comestibles
 e - 12 rations {!d}


   Skills:
 + Level 11.8 Fighting
 * Level 16.1 Maces & Flails
 * Level 11.8 Bows
 + Level 11.0 Armour
 + Level 3.7 Dodging
 + Level 4.7 Stealth
 - Level 2.6 Shields
 + Level 0.1 Evocations


You had 14 spell levels left.
You didn't know any spells.
Your spell library contained the following spells:

 Spells                   Type           Power        Failure   Level  Hunger
 Necrotize                Necr           #.....       98%         1    None
 Slow                     Hex            #.......     98%         1    None
 Ensorcelled Hibernation  Hex/Ice        #.....       99%         2    ####...
 Confuse                  Hex            #.......     100%        3    #####..
 Dazzling Orbs            Conj/Hex       #......      100%        3    #####..
 Tukima's Dance           Hex            #.......     100%        3    #####..
 Vampiric Draining        Necr           #.........   100%        3    #####..
 Agony                    Necr           #.......     100%        4    ######.
 Animate Dead             Necr           N/A          100%        4    ######.
 Cause Fear               Hex            #.........   100%        4    ######.
 Dispel Undead            Necr           #.......     100%        5    #######


Dungeon Overview and Level Annotations

Branches:
Dungeon (12/12)            Temple (1/1) D:5            Lair (6/6) D:7
 Shoals (0/3) Lair:3        Snake (2/3) Lair:4        Slime (0/5) Orc
    Orc (1/1) D:10         Vaults (0/3) D:12         Forest (0/3) Lair:5
 Depths (0/5) D:12

Altars:
Cheibriados
Dithmenos
Fedhas
Gozag
Hepliaklqana
Kikubaaqudgha
Lugonu
Makhleb
Nemelex Xobeh
Okawaru
Qazlal
Sif Muna
Uskayaw
Vehumet
Wu Jian
Xom
Yredelemnul
Jiyva

Shops:
D:4 }   D:5 *   D:7 ?![   D:8 =![?   D:9 [   D:11 [!   D:12 :=%=(   Orc !%!}
Lair:2 =   Lair:4 [   Lair:6 =   Snake:1 *(

Annotations:
Lair:1 exclusion: oklob plant
Lair:4 exclusion: oklob plant


Innate Abilities, Weirdness & Mutations

You have claws for feet.
You are completely covered in iridescent scales. (AC +6)
Your flesh is heat resistant. (rF+)
You are mostly covered in sharp spines.
You are immune to clouds of flame.
You have a beak for a mouth.
You are clumsy. (Dex -2)
You are resistant to hostile enchantments. (MR+)
Your natural rate of healing is unusually fast.
You evolve.


Message History

You impale the harpy simulacrum!!
The harpy simulacrum vapourises!
An iron troll simulacrum is nearby!
The iron troll simulacrum is no longer distracted by gold.
You see here 28 gold pieces.
An iron troll simulacrum is nearby!
You hit the iron troll simulacrum but do no damage.
You claw the iron troll simulacrum, but do no damage.
You sock the iron troll simulacrum! You claw the iron troll simulacrum!
You peck the iron troll simulacrum, but do no damage.
The iron troll simulacrum is heavily damaged.
The iron troll simulacrum bites you. The iron troll simulacrum freezes you!!
The iron troll simulacrum claws you.
The iron troll simulacrum freezes you!!!
* * * LOW HITPOINT WARNING * * *
The iron troll simulacrum claws you.
* * * LOW HITPOINT WARNING * * *
The iron troll simulacrum freezes you!!
You die...
Your body crumbles into a pile of gold.

#####.#####
#)$.....$)#
#).......%#
#(.......?#
#.........#
#.........#
#...Z...#
#.$°@.#
###.###
##.....##
##.......##
#....∩....#
#.........#
#.........#
#....∩....#
#.........#


You could see an iron troll simulacrum.

Vanquished Creatures
  Frances (Snake:1)
  A nagaraja (Snake:1)
  Aizul (Snake:1)
  Nessos (Lair:4)
  Azrael (D:12)
  Josephine (Lair:4)
  A yaktaur captain (D:11)
  7 hydras
  Fannar (D:10)
  A naga warrior (Snake:1)
  An ogre mage (D:12)
  3 catoblepae (Lair:6)
  Erica (D:10)
  Psyche (D:10)
  Sonja (Lair:4)
  4 anacondas
  4 two-headed ogres
  A tengu warrior (D:12)
  5 death yaks (Lair:6)
  3 orc high priests (Orc)
  A salamander mystic (Snake:1)
  A shock serpent (Snake:1)
  2 deep trolls
  A fire crab (shapeshifter) (D:12)
  A centaur warrior (D:12)
  3 skeletal warriors (D:12)
  A spriggan druid (Lair:5)
  A cyclops (D:10)
  A wolf spider zombie (D:12)
  5 lindwurms
  7 orc knights
  4 orc sorcerers (Orc)
  A mana viper (Snake:1)
  5 naga magi
  3 manticores
  2 ugly things (D:12)
  4 salamanders
  8 elephants
  A guardian serpent (Snake:2)
  An ice statue (Snake:2)
  7 black mambas (Snake:1)
  Joseph (D:9)
  A molten gargoyle (Lair:1)
  12 cane toads
  3 rime drakes
  4 komodo dragons
  A dryad (D:7)
  2 tengu conjurers
  2 trolls
  2 harpy zombies
  5 hornets
  3 polar bears
  4 slime creatures (D:12)
  A harpy skeleton (D:12)
  Grinder (D:5)
  11 hippogriffs
  7 dream sheep (Lair:6)
  8 blink frogs
  A meliai zombie (D:8)
  4 spriggans
  A shadow (D:9)
  44 yaks
  3 wyverns
  3 fire elementals
  4 wraiths (Lair:4)
  A basilisk (Lair:4)
  2 hungry ghosts
  9 nagas
  A harpy simulacrum (IceCv)
  An acid dragon (D:8)
  A warg (Orc)
  11 crocodiles
  7 porcupines
  5 hell hounds
  28 orc warriors
  3 water moccasins
  A black bear (shapeshifter) (D:11)
  2 sky beasts
  2 hornet zombies
  A soldier ant (shapeshifter) (D:12)
  8 ice beasts
  2 black bears
  4 phantoms
  8 ogres
  3 wolves (Lair:3)
  9 bullfrogs
  11 kobold brigands
  A wyvern zombie (D:9)
  A gnoll sergeant (D:10)
  9 centaurs
  A water moccasin skeleton (D:9)
  2 scorpions (D:6)
  3 killer bees (D:9)
  A statue (D:7)
  10 wights
  An electric eel (Lair:3)
  A howler monkey (D:12)
  10 orc priests
  6 crimson imps
  2 hounds
  A bullfrog skeleton (D:3)
  5 jellies
  23 orc wizards
  Crazy Yiuf (D:6)
  Jessica (D:2)
  An iguana (D:7)
  10 worker ants
  A hound zombie (D:7)
  14 mummies
  3 worker ant zombies
  Robin (D:2)
  12 gnolls
  2 howler monkey skeletons
  9 adders
  2 shadow imps
  2 oozes
  3 adder skeletons
  3 worms (D:2)
  A dart slug (D:4)
  A leopard gecko (D:1)
  56 orcs
  2 giant cockroaches
  7 goblins
  14 hobgoblins
  15 jackals
  49 kobolds
  4 quokkas
  5 bats
  4 frilled lizards
  3 gnoll skeletons (Ossuary)
  A goblin skeleton (D:6)
  A goblin zombie (D:7)
  4 hobgoblin zombies (D:6)
  A jackal skeleton (D:5)
  7 kobold skeletons
  3 kobold zombies
  2 orc skeletons (D:6)
  2 orc zombies (D:6)
  5 rats
  11 rat skeletons (Ossuary)
  A plant (Lair:1)
689 creatures vanquished.

Vanquished Creatures (others)
  A naga (Snake:2)
  A bullfrog (D:7)
  A centaur (D:7)
  A hound (D:7)
  A gnoll shaman (D:7)
  A worker ant (D:7)
  An adder (D:7)
  A kobold (D:7)
  A fungus (Lair:1)
  3 plants
12 creatures vanquished.

Grand Total: 701 creatures vanquished

Notes
Turn   | Place    | Note
-------+----------+-------------------------------------------
     0 | D:1      | yrara the Demonspawn Fighter began the quest for the Orb.
     0 | D:1      | Reached XP level 1. HP: 18/18 MP: 1/1
   345 | D:1      | Gained mutation: You are partially covered in iridescent
                  | scales. (AC +2) [demonic ancestry]
   345 | D:1      | Reached XP level 2. HP: 21/24 MP: 2/2
   689 | D:2      | Noticed Jessica
   696 | D:2      | Killed Jessica
   697 | D:2      | Reached skill level 2 in Maces & Flails
   697 | D:2      | Reached XP level 3. HP: 21/30 MP: 3/3
   704 | D:2      | Noticed Robin
   716 | D:2      | Killed Robin
   776 | D:2      | Noticed a phantom
   808 | D:2      | Killed a phantom
   809 | D:2      | Reached skill level 3 in Maces & Flails
   809 | D:2      | Reached XP level 4. HP: 29/37 MP: 4/4
   809 | D:2      | Reached XP level 5. HP: 32/42 MP: 5/5
  1213 | D:2      | Found a faded altar of an unknown god.
  1214 | D:2      | Found a faded altar of an unknown god.
  1218 | D:2      | Found a hazy altar of Hepliaklqana.
  1522 | D:2      | Found an ornate altar of the Wu Jian Council.
  2093 | D:3      | Found a burning altar of Makhleb.
  2097 | D:3      | Reached skill level 4 in Maces & Flails
  2364 | D:3      | Gained mutation: You are mostly covered in iridescent
                  | scales. (AC +4) [demonic ancestry]
  2364 | D:3      | Reached XP level 6. HP: 49/49 MP: 6/6
  2429 | D:3      | Reached skill level 1 in Dodging
  2466 | D:3      | Reached skill level 5 in Maces & Flails
  2522 | D:3      | Gained mutation: You are completely covered in iridescent
                  | scales. (AC +6) [demonic ancestry]
  2522 | D:3      | Reached XP level 7. HP: 48/55 MP: 7/7
  2547 | D:3      | Reached skill level 6 in Maces & Flails
  2852 | D:3      | Found a faded altar of an unknown god.
  3270 | D:4      | Gained mutation: You are partially covered in sharp spines.
                  | [demonic ancestry]
  3270 | D:4      | Reached XP level 8. HP: 61/61 MP: 8/8
  3272 | D:4      | Reached skill level 7 in Maces & Flails
  3525 | D:4      | Found a snail-covered altar of Cheibriados.
  3531 | D:4      | Reached skill level 5 in Fighting
  3531 | D:4      | Reached skill level 8 in Maces & Flails
  3562 | D:4      | Found Syrhia's Gadget Shoppe.
  4469 | D:4      | Gained mutation: Scrolls take you a little longer to read.
                  | [potion of mutation]
  4469 | D:4      | Gained mutation: Your skin changes colour to match your
                  | surroundings (Stealth+). [potion of mutation]
  4470 | D:4      | Lost mutation: Scrolls take you a little longer to read.
                  | [potion of mutation]
  4470 | D:4      | Lost mutation: Your skin changes colour to match your
                  | surroundings (Stealth+). [potion of mutation]
  4470 | D:4      | Gained mutation: You are frail. (-10% HP) [potion of
                  | mutation]
  4470 | D:4      | Gained mutation: You are resistant to hostile enchantments.
                  | (MR+) [potion of mutation]
  4471 | D:4      | Lost mutation: You are frail. (-10% HP) [potion of
                  | mutation]
  4471 | D:4      | Gained mutation: You are clumsy. (Dex -2) [potion of
                  | mutation]
  4471 | D:4      | Gained mutation: Your magical capacity is low. (-10% MP)
                  | [potion of mutation]
  4471 | D:4      | Gained mutation: You have a pair of small horns on your
                  | head. [potion of mutation]
  4518 | D:5      | Entered Level 5 of the Dungeon
  4534 | D:5      | Found a blossoming altar of Fedhas.
  4829 | D:5      | Noticed Grinder
  4838 | D:5      | Killed Grinder
  4839 | D:5      | Reached skill level 1 in Bows
  5001 | D:5      | Got a smoking plate armour
  5205 | D:5      | Found an ancient bone altar of Kikubaaqudgha.
  5252 | D:5      | Reached skill level 9 in Maces & Flails
  5255 | D:5      | Found Zin's Purification Station.
  5284 | D:5      | Found a glowing silver altar of Zin.
  5305 | D:5      | Gained mutation: Your flesh is heat resistant. (rF+)
                  | [demonic ancestry]
  5305 | D:5      | Reached XP level 9. HP: 68/68 MP: 8/8
  5399 | D:5      | Found a staircase to the Ecumenical Temple.
  5578 | Temple   | Entered the Ecumenical Temple
  5606 | Temple   | Became a worshipper of Gozag Ym Sagoz the Greedy
  5632 | D:5      | Identified the +10 plate armour of the Wasteland {rElec
                  | rN++ Str-4 Stlth+} (You found it on level 5 of the Dungeon)
  5638 | D:5      | Lost mutation: You are clumsy. (Dex -2) [potion of
                  | mutation]
  5638 | D:5      | Lost mutation: Your magical capacity is low. (-10% MP)
                  | [potion of mutation]
  5638 | D:5      | Lost mutation: You have a pair of small horns on your head.
                  | [potion of mutation]
  5638 | D:5      | Gained mutation: You have a beak for a mouth. [potion of
                  | mutation]
  5638 | D:5      | Gained mutation: You have sharp toenails. [potion of
                  | mutation]
  5701 | D:6      | Reached skill level 1 in Stealth
  6162 | D:6      | Found a runed door.
  6267 | D:6      | Found a glowing golden altar of the Shining One.
  6534 | D:6      | Noticed Crazy Yiuf
  6540 | D:6      | Killed Crazy Yiuf
  6732 | D:7      | Reached skill level 10 in Maces & Flails
  6753 | D:7      | Found a shimmering altar of Xom.
  6944 | D:7      | Reached skill level 5 in Armour
  7005 | D:7      | Noticed an elephant
  7029 | D:7      | Killed an elephant
  7030 | D:7      | Mutation became permanent: You have sharp toenails.
                  | [demonic ancestry]
  7030 | D:7      | Gained mutation: You have sharp toenails. [demonic
                  | ancestry]
  7030 | D:7      | Reached XP level 10. HP: 60/76 MP: 10/10
  7074 | D:7      | Found Kackoq's Distillery.
  7081 | D:7      | Bought a potion of heal wounds for 55 gold pieces
  7163 | D:7      | Reached skill level 11 in Maces & Flails
  7340 | D:7      | Found a sand-covered staircase.
  7348 | Ossuary  | Entered an ossuary
  7786 | D:7      | Found a staircase to the Lair.
  8139 | D:7      | Bought a pair of slimy boots for 180 gold pieces
  8139 | D:7      | Bought a pair of embroidered gloves for 142 gold pieces
  8139 | D:7      | Bought a runed hat for 133 gold pieces
  8149 | D:7      | Identified the +2 pair of boots of Complete Protection
                  | {rF++ Regen+ Str+2 Dex+3} (You bought it in a shop on level
                  | 7 of the Dungeon)
  8230 | D:7      | HP: 1/76 [snaplasher vine[a dryad] (8)]
  8335 | Lair:1   | Entered Level 1 of the Lair of Beasts
  8541 | Lair:1   | Noticed a molten gargoyle
  8567 | Lair:1   | Killed a molten gargoyle
  8587 | Lair:1   | Noticed a cane toad
  8596 | Lair:1   | Killed a cane toad
  8619 | Lair:1   | Noticed a five-headed hydra
  8631 | Lair:1   | Killed a five-headed hydra
  8632 | Lair:1   | Reached skill level 12 in Maces & Flails
  8771 | Lair:1   | Gained mutation: You are immune to clouds of flame.
                  | [demonic ancestry]
  8771 | Lair:1   | Reached XP level 11. HP: 83/83 MP: 11/11
  8821 | Lair:1   | Noticed an oklob plant
  9322 | Lair:1   | Lost mutation: You are resistant to hostile enchantments.
                  | (MR+) [potion of mutation]
  9322 | Lair:1   | Gained mutation: You are clumsy. (Dex -2) [potion of
                  | mutation]
  9322 | Lair:1   | Gained mutation: You are robust. (+10% HP) [potion of
                  | mutation]
  9322 | Lair:1   | Gained mutation: Armour fits poorly on your strangely
                  | shaped body. [potion of mutation]
  9322 | Lair:1   | Gained mutation: You expend magic power (3 MP) to
                  | strengthen your wands. [potion of mutation]
  9376 | Lair:2   | Noticed a five-headed hydra
  9385 | Lair:2   | Killed a five-headed hydra
  9541 | Lair:2   | Noticed a lindwurm
  9541 | Lair:2   | Noticed a lindwurm
  9545 | Lair:2   | Noticed a lindwurm
  9556 | Lair:2   | Noticed a lindwurm
  9595 | Lair:2   | Killed a lindwurm
  9596 | Lair:2   | Reached skill level 13 in Maces & Flails
  9604 | Lair:2   | Killed a lindwurm
  9616 | Lair:2   | Killed a lindwurm
  9617 | Lair:2   | Reached skill level 5 in Bows
  9630 | Lair:2   | Killed a lindwurm
  9669 | Lair:2   | Got a twisted hand crossbow
  9671 | Lair:2   | Got a bone battleaxe
  9691 | Lair:3   | Noticed a lindwurm
 10099 | Lair:2   | Identified the cursed +1 battleaxe "Kison" {pain, rElec
                  | Int-3 SInv} (You found it on level 2 of the Lair of Beasts)
 10146 | Lair:3   | Killed a lindwurm
 10198 | Lair:3   | Reached XP level 12. HP: 98/101 MP: 12/12
 10240 | Lair:3   | Noticed a six-headed hydra
 10247 | Lair:3   | Killed a six-headed hydra
 10537 | Lair:3   | Reached skill level 14 in Maces & Flails
 10606 | Lair:3   | Noticed a six-headed hydra
 10626 | Lair:3   | Killed a six-headed hydra
 10731 | Lair:3   | Found a staircase to the Shoals.
 11197 | Lair:4   | Noticed Nessos
 11209 | Lair:4   | Found a staircase to the Snake Pit.
 11272 | Lair:4   | Noticed Josephine
 11296 | Lair:4   | Killed Josephine
 11509 | Lair:4   | Noticed Sonja
 11536 | Lair:4   | Killed Nessos
 11849 | Lair:4   | Killed Sonja
 12141 | Lair:4   | Identified a scroll of acquirement
 12141 | Lair:4   | Identified the +5 great mace of Dawn {drain, Int+3 Dex+3}
                  | (You acquired it on level 4 of the Lair of Beasts)
 12141 | Lair:4   | Identified the +2 hat "Wasuat" {+Fly rF+ rN++ MR-} (You
                  | acquired it on level 4 of the Lair of Beasts)
 12199 | Lair:5   | Noticed a four-headed hydra
 12212 | Lair:5   | Killed a four-headed hydra
 12253 | Lair:5   | Noticed an anaconda
 12270 | Lair:5   | Killed an anaconda
 12271 | Lair:5   | Gained mutation: You have razor-sharp toenails. [demonic
                  | ancestry]
 12271 | Lair:5   | Reached XP level 13. HP: 105/111 MP: 13/13
 12885 | Lair:5   | Found a staircase to the Spriggan Forest.
 13192 | Lair:6   | Entered Level 6 of the Lair of Beasts
 13230 | Lair:6   | Got an ichor-stained robe
 14196 | Lair:6   | Reached skill level 10 in Fighting
 14225 | Lair:6   | Reached skill level 15 in Maces & Flails
 14402 | Lair:6   | Got a polished great sword
 14668 | D:8      | Found a hide-covered altar of Uskayaw.
 14707 | D:8      | Found Rynoatua's Distillery.
 14721 | D:8      | Bought a potion of heal wounds for 70 gold pieces
 14954 | D:8      | Found Qeusm's Magic Scroll Shoppe.
 14959 | D:8      | Found Iqee's Armour Boutique.
 14992 | D:8      | Bought a scroll of enchant weapon for 120 gold pieces
 14992 | D:8      | Bought a scroll of brand weapon for 288 gold pieces
 15098 | D:8      | Found Kurod's Jewellery Boutique.
 15520 | D:9      | Noticed Joseph
 15526 | D:9      | Killed Joseph
 15538 | D:9      | Found a flagged portal.
 15547 | Bailey   | Entered a bailey
 15726 | Bailey   | Gained mutation: You have claws for feet. [demonic
                  | ancestry]
 15726 | Bailey   | Reached XP level 14. HP: 121/121 MP: 14/14
 16915 | D:10     | Entered Level 10 of the Dungeon
 17095 | D:10     | Noticed Erica
 17107 | D:10     | Killed Erica
 17179 | D:10     | Noticed Fannar
 17204 | D:10     | Killed Fannar
 17508 | D:10     | Found a staircase to the Orcish Mines.
 17636 | D:10     | Noticed Psyche
 17777 | D:10     | Killed Psyche
 18129 | Orc      | Entered the Orcish Mines
 18353 | Orc      | Found a roughly hewn altar of Beogh.
 18394 | Orc      | Reached skill level 10 in Armour
 18514 | Orc      | Found a staircase to the Slime Pits.
 18518 | Orc      | Found a viscous altar of Jiyva.
 18722 | Orc      | Found Jatizem's Gadget Shop.
 18722 | Orc      | Found Evampo's Distillery.
 18731 | Orc      | Paralysed by an orc sorcerer for 2 turns
 18936 | Orc      | Reached skill level 10 in Bows
 19229 | Orc      | Found Carrumoe's Food Shoppe.
 19231 | Orc      | Found Vadil's Distillery.
 19392 | D:11     | Bought a potion of heal wounds for 55 gold pieces
 19392 | D:11     | Bought 2 potions of mutation for 176 gold pieces
 19392 | D:11     | Lost mutation: Armour fits poorly on your strangely shaped
                  | body. [potion of mutation]
 19392 | D:11     | Lost mutation: You expend magic power (3 MP) to strengthen
                  | your wands. [potion of mutation]
 19392 | D:11     | Gained mutation: You are occasionally teleported next to
                  | monsters. [potion of mutation]
 19392 | D:11     | Gained mutation: Your body sometimes deteriorates upon
                  | taking damage. [potion of mutation]
 19392 | D:11     | Lost mutation: Your body sometimes deteriorates upon taking
                  | damage. [potion of mutation]
 19392 | D:11     | Gained mutation: You are resistant to hostile enchantments.
                  | (MR+) [potion of mutation]
 19393 | D:11     | Lost mutation: You are occasionally teleported next to
                  | monsters. [potion of mutation]
 19393 | D:11     | Lost mutation: You are robust. (+10% HP) [potion of
                  | mutation]
 19393 | D:11     | Gained mutation: You evolve. [potion of mutation]
 19417 | D:11     | Found a white marble altar of Elyvilon.
 19502 | D:11     | Gained mutation: Your natural rate of healing is unusually
                  | fast. [evolution]
 19557 | D:11     | Got a masterwork chain mail
 19670 | D:11     | Found Zeucath's Antique Armour Shop.
 19708 | D:11     | Identified the cursed +0 chain mail of Midnight {rElec
                  | rPois} (You found it on level 11 of the Dungeon)
 19708 | D:11     | Bought a steaming plate armour for 728 gold pieces
 19709 | D:11     | Identified the +8 plate armour "Jalen" {Int+6} (You bought
                  | it in a shop on level 11 of the Dungeon)
 19804 | D:12     | Entered Level 12 of the Dungeon
 19882 | D:12     | Found a gate to the Vaults.
 19882 | D:12     | Noticed Azrael
 20112 | D:8      | Bought the ring "Bieclixt" {+Fly rElec Dex+5 Slay+3} for
                  | 592 gold pieces
 20278 | D:12     | Killed Azrael
 20332 | D:12     | Found Inashryuk's Jewellery Emporium.
 20340 | D:12     | Found Fautyopnyff's Book Shop.
 20435 | D:12     | Found Ras Vysm's Jewellery Boutique.
 20563 | D:12     | Found a staircase to the Depths.
 20731 | D:12     | Gained mutation: You are mostly covered in sharp spines.
                  | [demonic ancestry]
 20731 | D:12     | Reached XP level 15. HP: 108/119 MP: 15/15
 20829 | D:12     | Found Kosuhio's Antique Weapon Shoppe.
 20941 | D:12     | Found Panwur's Food Boutique.
 21359 | Snake:1  | Entered Level 1 of the Snake Pit
 21488 | Snake:1  | Found Xiunigep's General Store.
 21505 | Snake:1  | Found Wekhypn's Antique Weapon Emporium.
 21682 | Snake:1  | Noticed Frances
 21728 | Snake:1  | Noticed Aizul
 21752 | Snake:1  | Killed Aizul
 21753 | Snake:1  | Reached skill level 16 in Maces & Flails
 21785 | Snake:1  | Killed Frances
 21916 | Snake:1  | Noticed a nagaraja
 21920 | Snake:1  | Killed a nagaraja
 22422 | Snake:2  | Found a frozen archway.
 22440 | IceCv    | Entered an ice cave
 22460 | IceCv    | Mangled by an iron troll simulacrum

Skill      XL: |  1  2  3  4  5  6  7  8  9 10 11 12 13 14 15 |
---------------+----------------------------------------------+-----
Armour         | 3 4 5 7 8 9 10 11 | 11.0
Maces & Flails | 2 3 4 5 6 9 10 12 13 14 15 16 | 16.1
Fighting       | 4 5 6 7 9 10 11 | 11.8
Dodging        | 1 2 3 |  3.7
Bows           | 1 3 4 5 6 8 11 | 11.8
Stealth        | 1 2 4 |  4.7
Shields        | |  2.6
Evocations     | |  0.1

Action                   |  1- 3 |  4- 6 |  7- 9 | 10-12 | 13-15 || total
-------------------------+-------+-------+-------+-------+-------++-------
Melee: Flail             |    12 |       |       |       |       ||    12
       Mace              |    66 |   234 |   411 |   713 |   829 ||  2253
       Headbutt          |       |       |     5 |       |       ||     5
       Peck              |       |       |    35 |   193 |   263 ||   491
       Kick              |       |       |       |       |   235 ||   235
       Dire flail        |       |       |       |       |   264 ||   264
 Fire: Longbow           |       |       |       |    25 |   243 ||   268
Invok: Call Merchant     |       |       |       |     3 |     4 ||     7
Evoke: Wand              |       |       |       |     2 |       ||     2
  Use: Scroll            |     3 |     1 |    15 |    12 |    18 ||    49
       Potion            |       |       |     4 |     4 |     8 ||    16
 Stab: Distracted        |       |       |     2 |     3 |     5 ||    10
       Confused          |       |       |       |     1 |       ||     1
       Petrified         |       |       |       |       |    19 ||    19
  Eat: Chunk             |     2 |    13 |     8 |       |       ||    23
       Ration            |       |       |     4 |     9 |    17 ||    30
Armor: Scale mail        |    40 |   126 |   117 |       |       ||   283
       Plate armour      |       |       |   146 |   519 |   853 ||  1518
Dodge: Dodged            |    29 |   152 |   250 |   306 |   462 ||  1199
